Map: Taito Citadel LE

Players

Ender

  • Race: Protoss Protoss
  • League: Master
  • Spawn Location: 5:00

PoNyO - Winner!

  • Race: Terran Terran
  • League: Master
  • Spawn Location: 11:00

VOD

Have the link to the VOD?

Description

Time

  • Played on: May 29, 2026, 7:15 p.m.
  • Length: 9:13
Show
View Real Time Build Order
Export as new Build Order

Ender Protoss 

Build Orders: 1 Gate Expand, Phoenix Opening, Colossus Rush 

Get SALT Encoding   

  12  0:02  Probe  
  13  0:14  Probe  
  14  0:24  Pylon  
  14  0:40  Probe  
  14  0:47  Gateway  
  14  0:48  Probe, Assimilator  
  16  0:58  Probe  
  17  1:19  Probe  
  18  1:31  Probe  
  19  1:35  Nexus  
  19  1:40  Probe, Cybernetics Core  
  20  1:49  Probe, Assimilator  
  21  1:59  Probe  
  22  2:02  Pylon  
  22  2:11  Stalker, Probe  
  23  2:18  Warp Gate  
  25  2:24  Probe  
  25  2:40  Sentry  
  25  2:41  Probe  
  28  2:47  Probe  
  28  2:53  Probe  
  28  2:56  Probe  
  29  3:04  Probe x2  
  31  3:06  Robotics Facility  
  31  3:12  Phoenix, Probe  
  32  3:14  Stalker  
  32  3:15  Probe  
  36  3:20  Probe  
  37  3:27  Probe  
  37  3:31  Probe  
  39  3:35  Forge  
  39  3:39  Probe  
  40  3:42  Assimilator  
  40  3:43  Probe  
  40  3:44  Pylon  
  41  3:52  Probe  
  36  3:59  Probe  
  36  4:00  Probe  
  34  4:08  Probe  
  34  4:09  Probe  
  35  4:13  Stargate  
  37  4:17  Probe  
  37  4:18  Probe  
  39  4:25  Protoss Ground Weapons Level 1  
  39  4:26  Probe  
  39  4:30  Probe  
  41  4:37  Probe  
  42  4:40  Robotics Bay  
  42  4:42  Probe  
  43  4:46  Assimilator, Photon Cannon  
  43  4:48  Pylon  
  43  4:49  Probe  
  44  4:54  Probe  
  44  4:55  Observer  
  44  4:58  Phoenix  
  45  5:01  Probe  
  45  5:06  Probe  
  49  5:13  Probe  
  49  5:18  Probe  
  49  5:20  Phoenix  
  50  5:23  Colossus  
  50  5:25  Probe  
  53  5:30  Probe  
  60  5:38  Probe  
  61  5:43  Probe  
  62  5:53  Nexus  
  62  5:57  Pylon  
  62  6:01  Photon Cannon  
  62  6:06  Extended Thermal Lance  
  62  6:08  Colossus  
  62  6:11  Probe  
  62  6:15  Probe  
  63  6:23  Probe, Protoss Ground Armor Level 1  
  70  6:30  Pylon  
  70  6:40  Twilight Council  
  70  6:42  Pylon  
  70  6:48  Probe x2, Phoenix  
  70  6:49  Shield Battery  
  73  7:06  Probe  
  73  7:07  Probe  
  75  7:13  Phoenix  
  57  7:38  Phoenix  
  57  7:39  Zealot, Probe  
  57  7:41  Colossus  
  62  7:56  Probe  
  69  8:06  Nexus  
  69  8:09  Templar Archives, Nexus  
  69  8:13  Gateway  
  69  8:16  Gateway  
  69  8:21  Phoenix  
  69  8:26  Pylon x2  
  67  8:37  Pylon  
  66  8:46  Phoenix  
  66  8:47  Zealot  
Show
View Real Time Build Order
Export as new Build Order

PoNyO Terran - Winner!

Build Orders:  

Get SALT Encoding   

  12  0:00  SCV  
  13  0:13  SCV  
  14  0:17  Supply Depot  
  14  0:25  SCV  
  15  0:38  SCV  
  15  0:40  Barracks  
  16  0:43  Refinery  
  16  0:51  SCV  
  16  0:54  Refinery  
  17  1:03  SCV  
  18  1:15  SCV  
  19  1:27  Reaper  
  19  1:28  Orbital Command  
  19  1:29  Supply Depot  
  20  1:41  Factory  
  20  1:53  SCV  
  21  1:59  Reaper  
  22  2:05  SCV  
  23  2:17  SCV  
  23  2:20  Command Center  
  24  2:25  Hellion  
  24  2:29  SCV  
  27  2:32  Reaper  
  28  2:41  Starport  
  28  2:49  Supply Depot  
  28  2:51  Hellion, SCV  
  31  3:05  Barracks Reactor  
  31  3:11  SCV  
  31  3:12  Factory Tech Lab  
  32  3:19  Starport Tech Lab  
  32  3:23  SCV  
  33  3:32  Cyclone  
  33  3:33  Orbital Command  
  36  3:35  SCV  
  36  3:37  Banshee  
  40  3:42  Marine x2, Supply Depot  
  40  3:47  SCV  
  41  4:01  Marine x2  
  38  4:03  SCV x2  
  38  4:05  Siege Tank  
  38  4:07  Supply Depot  
  43  4:15  SCV x2  
  45  4:17  Barracks  
  45  4:23  Marine x2  
  47  4:27  SCV x2  
  47  4:30  Supply Depot  
  49  4:38  Barracks  
  49  4:39  SCV  
  49  4:40  SCV  
  49  4:42  Starport Reactor  
  51  4:46  Refinery  
  51  4:48  Factory Reactor  
  51  4:51  Engineering Bay, SCV  
  51  4:52  SCV  
  53  4:54  Supply Depot  
  53  5:00  Marine x2  
  53  5:03  SCV  
  53  5:04  SCV  
  57  5:16  SCV, Stimpack, Marauder  
  57  5:17  SCV  
  57  5:18  Supply Depot  
  57  5:19  Terran Infantry Weapons Level 1  
  61  5:21  Marine x2  
  63  5:30  SCV x2  
  63  5:31  Refinery  
  63  5:35  Medivac x2  
  67  5:37  Marauder  
  67  5:40  Marauder  
  73  5:45  Marine x2  
  73  5:47  SCV  
  76  5:54  Combat Shield  
  76  5:55  Barracks  
  76  5:58  Barracks  
  76  5:59  Supply Depot  
  76  6:01  Marauder  
  80  6:04  Marauder  
  80  6:06  Marine x2  
  80  6:09  SCV x2  
  84  6:15  Factory Reactor  
  84  6:17  Medivac  
  83  6:21  SCV  
  83  6:25  Supply Depot  
  84  6:26  Marine x4, Supply Depot  
  84  6:32  Medivac  
  90  6:43  Marine x2  
  90  6:44  Marine x2  
  94  6:50  Supply Depot  
  94  6:53  Supply Depot  
  94  6:55  Concussive Shells  
  93  7:04  Marine x2  
  93  7:05  Marine x2, Marauder x2  
  93  7:07  Barracks Tech Lab  
  101  7:13  Terran Infantry Armor Level 1  
  92  7:23  Marine x2  
  92  7:26  Marauder x2  
  92  7:34  Marine x2  
  92  7:35  Marauder  
  91  7:38  Widow Mine x2  
  91  7:39  Medivac  
  97  7:46  Marine x2  
  97  7:48  Marauder x2  
  99  7:52  Marine  
  99  7:57  Command Center, Supply Depot  
  99  7:58  Supply Depot  
  102  8:01  Armory  
  102  8:02  Medivac  
  102  8:03  Engineering Bay  
  102  8:08  Marine  
  102  8:09  Marauder, Medivac  
  104  8:19  Marine x3  
  110  8:20  Marauder x2  
  110  8:26  Marine  
  112  8:30  Marauder  
  107  8:53  Marine  
Tags
 
Add a new tag
Caveats
  • Supply blocks, unpowered buildings, or Contaminate may cause inaccurate times.
  • Supply counts are checked every 10 seconds.